Cogmind - Beta 14 @@@ ROGUE MODE // 2024.08.17 @ 11:34:14 Player: Olafz Result: Destroyed by L-31 Rogue with Katana Performance ------------- Evolutions (0) 0 Regions Visited (4) 800 Robots Destroyed (14) 70 Value Destroyed (184) 184 Prototype IDs (0) 0 Alien Tech Used (0) 0 Bonus (-9) -9 TOTAL SCORE: 1045 Bonus ------- Friendly Fire -9 Cogmind --------- Core Integrity 0/250 Matter 295/300 Energy 98/100 System Corruption 0% Temperature Cool (0) Movement Rolling (110) Ox2 Location -9/Mines Parts ------- > --- POWER (1) -------- (None) > --- PROPULSION (2) --- Wheel > --- UTILITY (2) ------ Large Storage Unit > --- WEAPON (2) ------- Light Assault Rifle Light Assault Rifle > --- INVENTORY (15) --- Improved Ion Engine Improved Ion Engine Wheel Disposable Heat Sink Large Storage Unit Targeting Computer Light Assault Rifle Datajack Mace Mace Heavy Hammer Peak State ------------ > --- POWER ------------ Improved Ion Engine > --- PROPULSION ------- Light Treads Light Treads > --- UTILITY ---------- Large Storage Unit Core Shielding > --- WEAPON ----------- Assault Rifle Light Assault Rifle > --- INVENTORY -------- Ion Engine Light Ion Engine Improved Ion Engine Improved Ion Engine Improved Ion Engine Light Treads Disposable Heat Sink Large Storage Unit Targeting Computer Light Assault Rifle Light Assault Rifle Light Assault Rifle Light Assault Rifle Mace Mining Claw [Rating: 10] Favorites ----------- Power Improved Ion Engine Engine Improved Ion Engine Propulsion Light Treads Treads Light Treads Wheel Wheel Utility Core Shielding Storage Large Storage Unit Protection Core Shielding Weapon Light Assault Rifle Ballistic Gun Light Assault Rifle Launcher Grenade Launcher Build | -11 -10 -10 -10 -9 ------- Run | Yrd Mat Min Exi Min Slots Evolved . | . . . . . Power . | . . . . . Propulsion . | . . . . . Utility . | . . . . . Weapon . | . . . . . Parts Attached 20 | 5 7 7 . 1 Power 4 | 1 2 1 . . Engine 4 | 1 2 1 . . Core . | . . . . . Reactor . | . . . . . Propulsion 5 | 2 1 2 . . Treads 4 | 2 1 1 . . Leg . | . . . . . Wheel 1 | . . 1 . . Hover . | . . . . . Flight . | . . . . . Utility 3 | 1 2 . . . Device . | . . . . . Storage 2 | 1 1 . . . Processor . | . . . . . Hackware . | . . . . . Protection 1 | . 1 . . . Artifact . | . . . . . Weapon 8 | 1 2 4 . 1 Energy Gun . | . . . . . Energy Cannon . | . . . . . Ballistic Gun 7 | 1 2 3 . 1 Ballistic Cannon . | . . . . . Launcher 1 | . . 1 . . Special Weapon . | . . . . . Impact Weapon . | . . . . . Slashing Weapon . | . . . . . Piercing Weapon . | . . . . . Special Melee Weapon . | . . . . . Unidentified Prototypes . | . . . . . Parts Lost 10 | . . 6 . 4 Power 2 | . . 1 . 1 Propulsion 3 | . . 2 . 1 Utility 1 | . . . . 1 Weapon 4 | . . 3 . 1 Highest Loss Streak 6 | . . 6 . 4 To Critical Strikes . | . . . . . Average Slot Usage (%) 94 | . 94 89 100 98 Engine 13 | . 14 12 14 14 Treads 23 | . 28 18 14 12 Wheel 2 | . . 2 14 14 Storage 14 | . 14 14 14 14 Protection 12 | . 12 14 14 14 Ballistic Gun 24 | . 24 23 28 28 Peak Build Rating 10 | 5 10 10 9 9 Average Rating 8 | 3 8 8 9 8 On Entrance 6 | . 5 10 9 9 Naked Turns . | . . . . . Heaviest Build 33 | 12 31 33 30 30 Greatest Support 40 | 40 40 40 10 10 Greatest Overweight (x) 3 | 3 . 2 2 2 Average Overweight (x) . | . . . 2 2 Largest Inventory Capacity 15 | 8 15 15 15 15 Average Capacity 14 | 7 13 15 15 15 Most Carried 15 | 1 15 15 11 12 Average Carried 9 | . 9 11 11 11 Final Capacity 15 | 8 15 15 15 15 Final Carried 15 | 1 15 11 11 11 Class Distribution -------------------- 100% | Mutant Dominant Class ---------------- Mutant | -10/Materials Mutant | -10/Mines Mutant | -10/Exiles Mutant | -9/Mines Resources | -11 -10 -10 -10 -9 ----------- Run | Yrd Mat Min Exi Min Matter Collected 641 | 174 317 150 . . Remotely . | . . . . . Salvage Created 394 | . 366 28 . . Parts 29 | . 29 . . . Haulers Intercepted 2 | . 2 . . . Recyclers Shooed 2 | . 2 . . . Parts Field Recycled . | . . . . . Retrieved Matter . | . . . . . Parts Self-Destructed . | . . . . . Prevented . | . . . . . Kills | -11 -10 -10 -10 -9 ------- Run | Yrd Mat Min Exi Min Combat Hostiles Destroyed 14 | . 10 4 . . Guns 12 | . 10 2 . . AOE 2 | . . 2 . . Classes Destroyed 6 | . 5 1 . . Hauler 2 | . 2 . . . Recycler 1 | . 1 . . . Watcher 1 | . 1 . . . Swarmer 8 | . 8 . . . Grunt 2 | . 2 . . . Assembled 4 | . . 4 . . Best Kill Streak 4 | . 4 2 . . Combat Bots Only 4 | . 4 2 . . Max Kills in Single Turn 1 | . 1 1 . . Gunslinging . | . . . . . Exploded 1 | . . 1 . . Melee . | . . . . . Uniques/NPCs Destroyed . | . . . . . Combat | -11 -10 -10 -10 -9 -------- Run | Yrd Mat Min Exi Min Hostile Shots Fired 133 | . 71 46 . 16 Missed 34 | . 18 16 . . Damage Taken 1491 | . 445 712 . 334 Core 254 | . 40 127 . 87 Absorbed by Shields . | . . . . . Redirected to Shielding 53 | . 8 27 . 18 Core Remaining (%) 100 | 100 . . . . Volleys Fired 74 | . 46 21 . 7 Largest 2 | . 2 2 . 2 Hottest 50 | . 40 50 . 40 Shots Fired 126 | . 79 33 . 14 Gun 119 | . 79 26 . 14 Cannon . | . . . . . Launcher 7 | . . 7 . . Special . | . . . . . Kinetic 119 | . 79 26 . 14 Thermal . | . . . . . Explosive 7 | . . 7 . . Electromagnetic . | . . . . . Robot Hit Streak 10 | . 6 7 . 10 Robot Miss Streak 5 | . 5 2 . 1 Penetration Max . | . . . . . Secondary Targets 1 | . 1 . . . Max Gunslinging Chain 1 | . 1 . . . Shots Hit Robots 82 | . 48 23 . 11 Core Hits 46 | . 22 21 . 3 Critical Kills . | . . . . . Critical Parts Destroyed . | . . . . . Critical Strikes . | . . . . . Melee Attacks . | . . . . . Impact . | . . . . . Slashing . | . . . . . Piercing . | . . . . . Sneak Attacks . | . . . . . Combat Hostiles . | . . . . . Follow-up Attacks . | . . . . . Damage Inflicted 1118 | . 531 496 . 91 Guns 788 | . 527 170 . 91 Cannons . | . . . . . Explosions 326 | . . 326 . . Melee . | . . . . . Ramming 4 | . 4 . . . Kinetic 788 | . 527 170 . 91 Thermal . | . . . . . Explosive 326 | . . 326 . . Electromagnetic . | . . . . . Impact . | . . . . . Slashing . | . . . . . Piercing . | . . . . . Highest Corruption . | . . . . . Average Corruption . | . . . . . Corruption Purged . | . . . . . Corruption Blocked . | . . . . . Overload Shots . | . . . . . Overflow Damage 32 | . . 32 . . Projectiles . | . . . . . Explosions 32 | . . 32 . . Melee . | . . . . . Knockbacks . | . . . . . Impact . | . . . . . Kinetic . | . . . . . Secondary . | . . . . . Self-Inflicted Damage 40 | . . 40 . . Shots 1 | . . 1 . . Rammed . | . . . . . Targets Rammed 1 | . 1 . . . Kicked . | . . . . . Crushed 1 | . 1 . . . Highest Temperature 17 | . 12 17 . 10 Average Temperature 5 | . 4 5 . 6 Received Heat Transfer 160 | . 66 40 . 54 Siege Activations . | . . . . . Robots Corrupted . | . . . . . Combat Hostiles . | . . . . . Parts Fried . | . . . . . Impact Corruptions . | . . . . . Robots Melted . | . . . . . Combat Hostiles . | . . . . . Parts Melted . | . . . . . Heat Transferred . | . . . . . Parts Sabotaged . | . . . . . Parts Stolen . | . . . . . Parts Stripped . | . . . . . Power Chain Reactions . | . . . . . Alert | -11 -10 -10 -10 -9 ------- Run | Yrd Mat Min Exi Min Peak Influence 262 | . 262 34 . . Initial 4 | . . 4 . . Average 76 | . 108 4 . . Maximum Alert Level 1 | . 1 . . . Low Security (%) 90 | 100 85 100 . 100 Level 1 9 | . 14 . . . Level 2 . | . . . . . Level 3 . | . . . . . Level 4 . | . . . . . Level 5 . | . . . . . High Security . | . . . . . Max Security . | . . . . . Squads Dispatched 1 | . 1 . . . Investigation . | . . . . . Extermination . | . . . . . Reinforcement 1 | . 1 . . . Assault . | . . . . . Garrison . | . . . . . Intercept . | . . . . . Searches Triggered . | . . . . . Construction Impeded . | . . . . . Haulers Reinforced . | . . . . . Active Scanning Responses . | . . . . . Cargo Convoy Interrupts . | . . . . . Stealth | -11 -10 -10 -10 -9 --------- Run | Yrd Mat Min Exi Min Distress Signals 3 | . 3 . . . Communications Jammed . | . . . . . Distress Signals . | . . . . . Times Spotted 43 | . 19 22 . 2 Peak Tracking Total 13 | . 7 13 . 2 Tactical Retreats 4 | . 2 2 . . Traps | -11 -10 -10 -10 -9 ------- Run | Yrd Mat Min Exi Min Traps Triggered . | . . . . . Indirectly . | . . . . . Trap Hack Attempts . | . . . . . Triggered . | . . . . . Disarmed . | . . . . . Reprogrammed . | . . . . . Reused . | . . . . . Traps Extracted . | . . . . . Installed . | . . . . . Triggered . | . . . . . Machines | -11 -10 -10 -10 -9 ---------- Run | Yrd Mat Min Exi Min Machines Disabled 1 | . . 1 . . Max in Single Turn 1 | . . 1 . . Machines Repaired . | . . . . . Machines Dismantled . | . . . . . Machines Sabotaged . | . . . . . Overloaded Fab Kills . | . . . . . Hacking | -11 -10 -10 -10 -9 --------- Run | Yrd Mat Min Exi Min Machines Accessed 1 | . 1 . . . Terminals 1 | . 1 . . . Fabricators . | . . . . . Repair Stations . | . . . . . Recycling Units . | . . . . . Scanalyzers . | . . . . . Garrison Access . | . . . . . Total Hacks 3 | . 3 . . . Successful 2 | . 2 . . . Failed 1 | . 1 . . . Catastrophic . | . . . . . Database Lockouts . | . . . . . Manual 2 | . 2 . . . Terminals 3 | . 3 . . . Fabricators . | . . . . . Repair Stations . | . . . . . Recycling Units . | . . . . . Scanalyzers . | . . . . . Garrison Access . | . . . . . Terminal Hacks 1 | . 1 . . . Robot Analysis 1 | . 1 . . . Fabricator Hacks . | . . . . . Repair Station Hacks . | . . . . . Recycling Unit Hacks . | . . . . . Scanalyzer . | . . . . . Garrison Access Hacks . | . . . . . Unauthorized Hacks 1 | . 1 . . . Terminals 1 | . 1 . . . Botnet 1 | . 1 . . . Fabricators . | . . . . . Repair Stations . | . . . . . Recycling Units . | . . . . . Scanalyzers . | . . . . . Garrison Access . | . . . . . Data Cores Recovered . | . . . . . Used . | . . . . . Hacking Detections 1 | . 1 . . . Full Trace Events 1 | . 1 . . . Feedback Events . | . . . . . Feedback Blocked . | . . . . . Robot Schematics Acquired . | . . . . . Robots Built . | . . . . . Authchips . | . . . . . Time . | . . . . . Total Robot Build Rating . | . . . . . Part Schematics Acquired . | . . . . . Parts Built . | . . . . . Authchips . | . . . . . Time . | . . . . . Total Part Build Rating . | . . . . . Parts Repaired . | . . . . . Time . | . . . . . Parts Recycled . | . . . . . Recycled Matter . | . . . . . Retrieved Matter . | . . . . . Retrieved Components . | . . . . . Parts Scanalyzed . | . . . . . Part Schematics Acquired . | . . . . . Parts Damaged . | . . . . . Bothacking | -11 -10 -10 -10 -9 ------------ Run | Yrd Mat Min Exi Min Used RIF Installer . | . . . . . Robots Hacked . | . . . . . Non-combat . | . . . . . Combat . | . . . . . Robot Hacks Applied . | . . . . . Relay Couplers Released . | . . . . . Fabnet Peak Effective % . | . . . . . Robots Rewired . | . . . . . Allies Hacked . | . . . . . Hacks Repelled . | . . . . . Allies | -11 -10 -10 -10 -9 -------- Run | Yrd Mat Min Exi Min Total Allies . | . . . . . Largest Group . | . . . . . Highest-Rated Group . | . . . . . Highest-Rated Ally . | . . . . . Total Orders . | . . . . . Ally Attacks . | . . . . . Total Damage . | . . . . . Kills . | . . . . . Allies Corrupted . | . . . . . Allies Melted . | . . . . . Intel | -11 -10 -10 -10 -9 ------- Run | Yrd Mat Min Exi Min Robot Analysis Total 1 | . 1 . . . Derelict Logs Recovered 1 | . . 1 . . Drone Launches . | . . . . . Drone Recoveries . | . . . . . Exploration | -11 -10 -10 -10 -9 ------------- Run | Yrd Mat Min Exi Min Turns Passed 1524 | 57 947 278 152 90 Spaces Moved 858 | 33 500 121 139 65 Core 13 | 13 . . . . Treads 610 | 20 500 90 . . Legs . | . . . . . Wheels 235 | . . 31 139 65 Hover . | . . . . . Flight . | . . . . . Fastest Speed 50 | 50 160 110 110 110 Average Speed 150 | 150 160 181 110 110 Slowest Speed 240 | 200 160 240 110 110 Overloaded Moves . | . . . . . Propulsion Burnouts . | . . . . . Robots Hopped . | . . . . . Cave-ins Triggered . | . . . . . Exploration Rate (%) 36 | 3 88 23 52 16 Regions Visited 4 Branch Regions 3 Pre-discovered Areas . | . . . . . Known Exits Taken . | . . . . . Unknown Exits Taken 4 | 1 1 1 1 . Scrap Searched 1 | . . . . 1 Spaces Dug . | . . . . . Terrain Destroyed 46 | . . 46 . . Melee . | . . . . . Projectile . | . . . . . AOE 46 | . . 46 . . Terrain Rammed . | . . . . . Walls Destroyed . | . . . . . Machines Disabled . | . . . . . Actions | -11 -10 -10 -10 -9 --------- Run | Yrd Mat Min Exi Min Total 974 | 38 575 149 138 74 Wait 1 | . 1 . . . Move 854 | 32 499 120 138 65 Hop . | . . . . . Pick Up 18 | 1 15 1 . 1 Fast Attach 8 | 5 2 1 . . Attach 6 | . . 5 . 1 Detach . | . . . . . Swap 6 | . 5 1 . . Drop 6 | . 6 . . . Fire 74 | . 46 21 . 7 Melee . | . . . . . Ram . | . . . . . Kick . | . . . . . Crush 1 | . 1 . . . Escape Stasis . | . . . . . Rewire . | . . . . . Trap . | . . . . . Miscellaneous . | . . . . . Route ------- -11/Scrapyard -10/Materials (discovered 4 exits: [*Mat x3] / [*Min]) -10/Mines -10/Exiles -9/Mines (discovered 1 exit: [*Mat]) History --------- Turn | Location | Event 20 | -11/Scrapyard | Discovered new exit (range 15) 58 | -11/Scrapyard | Entered Materials 283 | -10/Materials | Discovered new exit (range 9) 317 | -10/Materials | Build established: Mutant 518 | -10/Materials | Discovered new exit (range 4) 755 | -10/Materials | Discovered new exit (range 8) 978 | -10/Materials | Discovered new exit (range 16) 1005 | -10/Materials | Entered Mines 1006 | -10/Mines | Assembled infested the area 1095 | -10/Mines | Core integrity fell below 50% 1131 | -10/Mines | Lost 6 parts (1p2n3w) 1193 | -10/Mines | Learned 2 Materials zone layouts 1278 | -10/Mines | Deemed a non-threat by the Exiles lab entrance 1279 | -10/Mines | Discovered new exit (range 5) 1283 | -10/Mines | Entered Exiles 1311 | -10/Exiles | Met 8R-AWN 1326 | -10/Exiles | Met EX-HEX 1378 | -10/Exiles | Met EX-DEC 1426 | -10/Exiles | Discovered new exit (range 10) 1435 | -10/Exiles | Entered Mines 1507 | -9/Mines | Discovered new exit (range 14) 1519 | -9/Mines | Core integrity fell below 20% 1525 | -9/Mines | Destroyed by L-31 Rogue with Katana Last Messages --------------- little cave for long, and we could use some help with the project in the back. EX-DEC: Ah I see we have a visitor. One wrong move in here and I'll invert your atomic chain! EX-DEC: "Oops, I hope HEX didn't hear that..." EXIT=FOUND LOCATION=UNKNOWN GOAL=ESCAPE Searching scrap... Found Weight Redist. System. Found 57 Matter. Found Hvy. Hammer. Found 51 Matter. Acquired Hvy. Hammer. EXIT=FOUND Lgt. Assault Rifle destroyed. Lgt. Treads destroyed. Imp. Ion Engine destroyed. Destroyed Melee Analysis Suite. Core Shielding destroyed. Map ----- +----------------------------------------------------+ | ?????????????????????????????????????????????????? | | ?????????????????????????????????????????????????? | | ?????????????????????????????????????????????????? | | ?????????????????????????????????????????????????? | | ?????????????????????????????????????????????????? | | ?????????????????????????????????????????????????? | | ?????????????????????????????????????????????????? | | ????????????????????????????????????? #??????????? | | ???????????????????????????????????? #??????????? | | ??????????????????????????????????## #??????????? | | ??????????????????????????????????? #??????????? | | ????????????????????? ?????????????# #??????????? | | ??????????????????? < ????????????# ##?????????? | | ??????????????????? ???????###### ##????????? | | ???????????????????? ???????? # #????????? | | ???????????????????? #?????? """ ##???????? | | ????????????????????? ####???# """ #####???? | | ????????????????????? #???# """ ##??? | | ?????????????????????? ???# #??? | | ?????????????????????? ?#### #??? | | ??????????????????????? ?# % ## #???? | | ??????????????????????? ?# ## #### ##???? | | ????????????????????????g ?#%### ##??#### #????? | | ???????????????????????? #?#!#?####??????# #????? | | ????????????????????????#l#?# #???????????# #????? | | ?????????????????????####@#?# ############# #????? | | ?????????????????????# #?# #????? | | ?????????????????????# ###?# ###############????? | | ?????????????????????# #???# #??????????????????? | | ?????????????????????# ##### #??????????????????? | | ?????????????????????# #??????????????????? | | ?????????????????????# #######??????????????????? | | ??????????????????? #????????????????????????? | | ???????????????? ##????????????????????????? | | ?????????????? #?????????????????????????? | | ???????????? ## ##?????????????????????????? | | ???????????????## ???????????????????????????? | | ????????????????# #???????????????????????????? | | ????????????????# ????????????????????????????? | | ????????????????## ????????????????????????????? | | ?????????????????# ????????????????????????????? | | ?????????????????# ????????????????????????????? | | ?????????????????# ????????????????????????????? | | ?????????????????## ?????????????????????????????? | | ??????????????????##?????????????????????????????? | | ?????????????????????????????????????????????????? | | ?????????????????????????????????????????????????? | | ?????????????????????????????????????????????????? | | ?????????????????????????????????????????????????? | | ?????????????????????????????????????????????????? | +----------------------------------------------------+ Best States ------------- Heat Dissipation 25 Energy Generation 12 Energy Capacity 265 Matter Stores 300 Matter Capacity 300 Sight Range 16 Terrain Scan Density 10 Core Shielding 20 Evasion (%) 40 Recoil Reduction 2 Item Schematics ----------------- None Robot Schematics ------------------ None Fabricated ------------ Nothing Alien Tech Used ----------------- None Achievements -------------- None Challenges ------------ None Game ------ Seed MakeshiftMicrowarpCleaver Manual? 0 Play Time 00:08:38 Cumulative 211.8 hours Start 2024.08.17 @ 11:26:02 End 2024.08.17 @ 11:34:14 Sessions 1 Manual Loads 0 Difficulty Rogue Special Mode None Game No. 390 Rogue 388 Adventurer 2 Explorer 0 Win Type - Total 10 Types 8/0/0/2/0/0/0/0/0 Lore% 72 Gallery% 66 Achievement% 56 Wizard Run 0 Options --------- Layout 0 ASCII 0 Keyboard 1 Movement Numpad Keybinds 1 Fullscreen 2 Font 18/SmallcapsGlow Map View 76x50 Zoom Use 0% Tactical HUD 1 Map Filters NONE Filters NONE Steam 1 RUN: fe986fd8-0be2-424c-871d-3811ec227a63